[Event "Portuguese Rapid-ch 2022"]
[Site "Viseu"]
[Date "2022.06.10"]
[Round "1.2"]
[White "Lopes, Jose Eduardo Santos "]
[Black "Sousa, Andre Ventura"]
[Result "0-1"]
[ECO "B12"]
[WhiteElo "1652"]
[BlackElo "2420"]
[Annotator "TA"]
[PlyCount "114"]
[EventDate "2022.06.09"]
[EventType "rapid"]
[EventCountry "POR"]
[SourceTitle "playchess.com"]
[Source "ChessBase"]
[SourceQuality "1"]
[TimeControl "600+5"]

1. e4 c6 2. d4 d5 3. e5 Bf5 4. h4 h5 5. Bd3 Bxd3 6. Qxd3 {[%cal Oe5e6] B12: Caro-Kann: Advance Variation.} Qa5+ 7. Nd2 e6 8. Ngf3 {The position is equal.} Nh6 9. O-O Nf5 10. a4 {10.Nb3 is becoming the main line.} Qa6 11. c4 Bb4 {Prevents Qc3.} 12. b3 {[#]} Qa5 $146 ({Black should try} 12... c5 $11) ({Predecessor:} 12... c5 13. Qb1 Nxd4 14. Nxd4 cxd4 15. cxd5 exd5 16. Nf3 Qg6 17. Qxg6 fxg6 18. Bb2 Nc6 19. Nxd4 Nxd4 20. Bxd4 {½-½ (45) Praggnanandhaa,R (2612)-Keymer,V (2664) chess24.com INT 2022}) 13. g3 (13. Rd1 $14) 13... Na6 $11 14. Rd1 Rd8 15. Nf1 dxc4 16. bxc4 {[#]} (16. Qxc4 $11 O-O 17. Bg5) 16... Bc3 (16... Nxd4 $1 $15 {stays ahead.} 17. Nxd4 c5) 17. Bd2 $16 Bxd2 18. Rxd2 O-O 19. Qb3 Qb4 20. Rb1 (20. Qc2 $1 $16) 20... Qxb3 21. Rxb3 Rd7 22. Ne3 Nxe3 23. fxe3 Rfd8 (23... c5 $14) 24. Ng5 (24. Rdb2 $1 $16) 24... Nc5 $11 25. Rb4 a5 26. Rb1 Nxa4 (26... f6 $11 27. Nf3 Nxa4) 27. Rb3 ({Better is} 27. Ne4 $16 {Strongly threatening Ra2.} b5 28. Ra2 (28. cxb5 Rb7 $11)) 27... Nc5 $1 $15 28. Rb1 (28. Ra3 $15) 28... f6 $1 $36 {[%mdl 2048] White is under strong pressure.} 29. Nf3 Ne4 30. Ra2 {[%mdl 8192] White does not recover from this.} (30. Rc2 $17 {is tougher.}) 30... Nc3 $19 31. Rba1 Nxa2 32. Rxa2 {[%mdl 4096] Endgame KRR-KRN} b6 33. Kf2 Kf7 34. c5 Rb7 35. cxb6 Ra8 36. exf6 gxf6 37. Nd2 Rxb6 38. Nc4 Rb4 39. Nb2 (39. Rxa5 $142 Rxa5 40. Nxa5) 39... a4 40. Nd3 Rb5 41. Nc5 a3 42. Nd3 {Against Rb2+} Rb3 43. Ke2 Rg8 44. Rc2 Rxg3 {( -> ...Rg2+)} 45. Rxc6 {[#]} a2 (45... Rb2+ $142 $1 46. Nxb2 axb2 47. Rc7+ Kg6) 46. Ra6 Rg2+ 47. Kf3 Rd2 ({But not} 47... Rxd3 $2 48. Ra7+ Ke8 49. Kxg2 $19) 48. Ra7+ Kf8 49. Nf4 Rb1 50. Nxe6+ Ke8 51. Ng7+ {[#]} Kd8 $1 52. Nxh5 a1=Q 53. Rxa1 Rxa1 54. Ng7 Rh2 (54... Kd7 $142 55. Nh5 Rf1+ 56. Ke4 Rh2 57. Nf4 Rxh4 58. Kf5 Rh3 59. Kg6 Rxe3 60. Nd5 Rg3+ 61. Kf7 Kd6 62. Nb6 f5 63. Nc8+ Kd5 64. Kf6 Kxd4 65. Nd6 f4 66. Nb5+ Ke4 67. Nd6+ Kd5 68. Ne8 Re1 69. Nc7+ Ke4 70. Ne8 f3 71. Nd6+ Kd5 72. Nf5 Rgg1 73. Ne7+ {[#]} Rxe7 $1 74. Kxe7 f2 75. Kd7 Rg7+ 76. Kd8 f1=Q 77. Ke8 Qf7+ 78. Kd8 Rg8#) 55. Nf5 Rf1+ {Black mates.} 56. Ke4 Kd7 57. d5 Rh3 {Weighted Error Value: White=0.78/Black=0.17 (very precise)} 0-1

[Event "Portuguese Rapid-ch 2022"]
[Site "Viseu"]
[Date "2022.06.10"]
[Round "1.3"]
[White "Veiga, Jose Francisco R P N"]
[Black "Almeida, Joao Pedro Dias"]
[Result "1-0"]
[ECO "C65"]
[WhiteElo "2377"]
[BlackElo "1603"]
[Annotator "TA"]
[PlyCount "87"]
[EventDate "2022.06.09"]
[EventType "rapid"]
[EventCountry "POR"]
[SourceTitle "playchess.com"]
[Source "ChessBase"]
[SourceQuality "1"]
[TimeControl "600+5"]

1. e4 e5 2. Nf3 Nc6 3. Bb5 Nf6 4. d3 d6 5. O-O Be7 6. c3 O-O 7. Nbd2 a6 8. Ba4 b5 9. Bc2 d5 {[%emt 0:00:25] 9...d5 scores better than 9...Re8.} 10. Re1 $1 {[%emt 0:00:12] C77: Ruy Lopez: 3...a6 4 Ba4 Nf6, unusual lines.} dxe4 11. dxe4 Bc5 12. h3 {[%emt 0:00:14] White is slightly better.} h6 13. Qe2 {[%emt 0:00:02] [#]} Qe7 $146 ({Predecessor:} 13... Re8 14. b4 Ba7 15. a4 Nh5 16. axb5 Nf4 17. Qc4 axb5 18. Qxc6 Bd7 19. Qb7 Bxf2+ 20. Kxf2 Rxa1 {1-0 (51) Coenen,N (2243)-Koch,F (1941) Nordrheinwestfalen 2015}) 14. Nf1 (14. b4 $5 Bd6 15. a4 $14) 14... Rd8 15. Ng3 b4 16. Nh4 (16. Ba4 $5 Bd7 17. Nf5 $14) 16... Qe8 17. Nhf5 {[%emt 0:00:46] Hoping for Qf3.} Ne7 ({Black should play} 17... bxc3 $11 18. bxc3 Ne7) 18. Qf3 (18. Be3 $14 Nxf5 19. exf5 (19. Bxc5 Nxg3 20. fxg3 bxc3 $11)) 18... Nxf5 $1 $11 19. Nxf5 Bxf5 20. Qxf5 Rd6 21. cxb4 Bxb4 22. Rd1 Rad8 23. Be3 Qc6 (23... g6 $11 24. Qf3 Qc6) 24. Rxd6 $16 Rxd6 25. Bb3 Qxe4 26. Qc8+ Kh7 27. Bxf7 {[%emt 0:00:03] Be6 is the strong threat.} Qc2 $2 {[%emt 0:00:42] [#]} (27... Bd2 $16 {keeps fighting.} 28. Bc5 (28. Qxc7 Rd7 $11) 28... Rc6) 28. Rc1 (28. Bb3 $1 $18 {[%cal Rb3c2] is the precise move to win.} Qc6 29. Qf5+ Kh8 30. Rc1 (30. Qxe5 Qe4 $18)) 28... Rd1+ 29. Rxd1 {[%emt 0:00:01] Chess con chili.} Qxd1+ 30. Kh2 {[%emt 0:00:02] White is more active.} Qc2 {[%emt 0:00:19] Inhibits Qf5+.} (30... Qd6 $16 31. Qf5+ (31. a3 Bd2 $16) 31... Kh8) 31. Be6 $36 {[%emt 0:00:14][%mdl 2048] aiming for Bf5+. Keeping Black busy.} Qc6 32. Bf5+ {[%emt 0:00:41] A strong pair of Bishops.} ({Better is} 32. a3 Bc5 33. Bf5+ g6 34. Bxc5 Qxc5 35. Qe6 (35. Qxa6 Qxf2 36. Qxf6 Qf4+ 37. Kg1 Qc1+ 38. Kf2 Qf4+ 39. Ke2 gxf5 $11)) 32... g6 33. Bd3 Bd6 $2 {[#]} (33... a5 $1 $14) 34. Qxa6 $18 e4+ 35. g3 Qd5 36. Be2 Be5 (36... h5 {might work better.} 37. Qc4 h4) 37. Bc4 Qd7 38. b3 Nd5 39. Bxd5 Qxd5 40. Qc4 Qd1 (40... Qxc4 41. bxc4 Bc3) 41. Qxe4 {[%emt 0:00:11] White is clearly winning.} Qa1 42. a4 Qc3 43. Qc4 (43. b4 $142) 43... Qa5 (43... Qxc4 $142 44. bxc4 Bc3) 44. Qf7+ {Weighted Error Value: White=0.34/Black=0.45} 1-0

[Event "Portuguese Rapid-ch 2022"]
[Site "Viseu"]
[Date "2022.06.10"]
[Round "1.5"]
[White "Santos, Jose Guilherme B Lim"]
[Black "Bras, Hugo Miguel Pereira"]
[Result "1-0"]
[ECO "E08"]
[WhiteElo "2365"]
[BlackElo "1518"]
[Annotator "TA"]
[PlyCount "79"]
[EventDate "2022.06.09"]
[EventType "rapid"]
[EventCountry "POR"]
[SourceTitle "playchess.com"]
[Source "ChessBase"]
[SourceQuality "1"]
[TimeControl "600+5"]

1. d4 d5 2. c4 e6 3. Nf3 Nf6 4. g3 Be7 5. Bg2 Nbd7 6. O-O O-O 7. Qc2 b6 8. Ne5 {E08: Closed Catalan: Main Line: 7 Qc2.} ({White should play} 8. cxd5 $14 Nxd5 9. Nc3) 8... Bb7 9. cxd5 $1 Nxd5 10. Nc6 {The position is equal.} Qe8 {[#]} 11. e4 $146 (11. a3 $14) ({Predecessor:} 11. Bxd5 exd5 12. Nxe7+ Qxe7 13. Qxc7 Ba6 14. Nc3 Rfc8 15. Qf4 Nf6 16. Qf3 Qe6 17. Be3 {0-1 (31) Montanes Arribas,A (2173)-Longa Yauca,J (2232) Madrid 2015}) 11... Nb4 ({Better is} 11... Bxc6 $11 12. Qxc6 Nb4) 12. Nxb4 $1 $14 Bxb4 13. Bf4 Rc8 14. Nc3 c5 {White now steadily converts the win.} (14... e5 $14 15. dxe5 Nxe5) 15. d5 {White is more active.} Nf6 (15... Ba6 $16 {might work better.}) 16. Bd6 $18 Bxc3 17. bxc3 ({Resist} 17. Qxc3 $6 exd5 18. exd5 (18. Bxf8 d4 $11) 18... Ne4 19. Bxe4 Qxe4 20. Bxf8 Rxf8 $16) ({But not} 17. Bxf8 $2 Be5 18. Bxc5 bxc5 $19) 17... exd5 18. Bxf8 Qxf8 19. exd5 Bxd5 20. Bxd5 Nxd5 21. Rad1 Nf6 22. Rfe1 Rb8 (22... Rc6 {is a better defense.} 23. Qa4 Rc7) 23. Qf5 c4 24. Rd4 b5 25. Qe5 Re8 26. Qxe8 Nxe8 27. Rd8 Nf6 28. Rxf8+ Kxf8 {[%mdl 4096] Endgame KR-KN} 29. Re5 {Inhibits Nd5.} b4 (29... a6 30. a4 Nd7) 30. cxb4 {White is clearly winning.} c3 31. Rc5 Ne4 32. Rc4 c2 33. Rxc2 {[#] Strongly threatening b5.} Nd6 34. a4 Ke8 35. Rc7 a6 36. Rc6 Kd7 37. Rxa6 Kc7 38. b5 g6 39. Rc6+ Kd7 {[#]} 40. Rxd6+ $1 {Weighted Error Value: White=0.11 (very precise) /Black=0.60} 1-0

[Event "Portuguese Rapid-ch 2022"]
[Site "Viseu"]
[Date "2022.06.10"]
[Round "1.6"]
[White "Mercadante, Ricardo Rodrigues"]
[Black "Padeiro, Jose"]
[Result "0-1"]
[ECO "B00"]
[WhiteElo "2261"]
[BlackElo "2207"]
[Annotator "TA"]
[PlyCount "80"]
[EventDate "2022.06.09"]
[EventType "rapid"]
[EventCountry "POR"]
[SourceTitle "playchess.com"]
[Source "ChessBase"]
[SourceQuality "1"]
[TimeControl "600+5"]

1. e4 Nc6 2. Nf3 d6 3. d4 Nf6 4. Nc3 Bg4 5. Be3 e6 6. Be2 (6. h3 $16 Bxf3 7. Qxf3) 6... a6 {Recently 6...d5 got a lot of attention. B00: Queen's Fianchetto Defence, Nimzowitsch Defence.} 7. a3 {[#]} d5 $146 ({Predecessor:} 7... Be7 8. h3 Bxf3 9. Bxf3 d5 10. exd5 Nxd5 11. Nxd5 exd5 12. O-O O-O 13. Qd3 Qd7 {½-½ (40) Cumming,R (2010)-Thomas,R (2197) England 2011}) 8. e5 Ne4 {The position is equal.} 9. Nxe4 dxe4 10. Ng5 (10. Ng1 $5 Bf5 11. c3 $14) 10... Bxe2 11. Qxe2 Nxd4 12. Qd2 (12. Qc4 $11 {keeps the balance.} c5 13. Nxe4) 12... Nc6 $17 13. O-O-O Qxd2+ 14. Rxd2 Nxe5 15. Nxe4 Nc4 16. Rd3 Nxe3 17. fxe3 Be7 18. Rhd1 f5 19. Nc3 Rd8 {Prevents Rd7.} 20. Rxd8+ Bxd8 {[%mdl 4096] Endgame KRB-KRN} 21. e4 Bf6 22. Ne2 (22. Na4 $17) 22... fxe4 $19 23. Kb1 Ke7 24. Re1 Rd8 25. Nf4 g5 26. Nh5 Rd2 27. g3 Rxh2 28. Nxf6 (28. g4 $142 Be5 29. Rxe4) 28... Kxf6 29. Rxe4 {KR-KR} h5 30. b4 Rg2 31. Re3 g4 32. a4 Rf2 33. c4 Rf3 34. Re1 Rxg3 {[#] White must now prevent ...h4.} 35. b5 axb5 36. cxb5 h4 {[%cal Bh5h4,Bh4h3,Bh3h2][%mdl 32] ( -> ...h3)} 37. Kb2 b6 {Black mates.} 38. Rc1 h3 39. Rxc7 h2 40. Rh7 Rh3 {Black took control after the opening.  Weighted Error Value: White=0.92/Black=0.10 (very precise)} 0-1

[Event "Portuguese Rapid-ch 2022"]
[Site "Viseu"]
[Date "2022.06.10"]
[Round "1.7"]
[White "Martins, Bruno Andre Leite"]
[Black "Albuquerque, Eduardo Ferreira"]
[Result "1-0"]
[ECO "A45"]
[WhiteElo "2327"]
[BlackElo "1828"]
[Annotator "TA"]
[PlyCount "39"]
[EventDate "2022.06.09"]
[EventType "rapid"]
[EventCountry "POR"]
[SourceTitle "playchess.com"]
[Source "ChessBase"]
[SourceQuality "1"]
[TimeControl "600+5"]

1. d4 Nf6 2. Bf4 g6 3. Nc3 Bg7 4. e4 d6 5. Qd2 O-O 6. f3 {B07: Pirc Defence: Miscellaneous Systems.} (6. O-O-O $14) 6... Re8 (6... c5 $11) 7. O-O-O $14 Nbd7 8. g4 {[%emt 0:00:42] [#] Threatens to win with e5. White is more active. White is slightly better.} h5 $146 {[%emt 0:00:39] [#]} (8... e5 $16 {was worth a try.}) ({Predecessor:} 8... c5 9. dxc5 Nxc5 10. e5 Nfd7 11. exd6 exd6 12. h4 Qa5 13. h5 Bxc3 14. Qxc3 Qxc3 15. bxc3 {1-0 (42) Trottier,L-Fuller,T (1824) ICCF email 2018}) 9. e5 $18 Nh7 10. gxh5 gxh5 (10... Ndf8 {might work better.} 11. Bd3 (11. h6 Bh8 $16) 11... c5) 11. Nh3 Ndf8 12. Qe3 {[%emt 0:02:04] Strongly threatening Bh6.} Ng6 13. Rg1 Bf5 $2 (13... Bxh3 14. Bxh3 e6) 14. Bh6 (14. e6 $142) 14... Qd7 $2 (14... e6 15. Bxg7 Kxg7) 15. Bxg7 {[%emt 0:00:19] White is clearly winning.} Kxg7 16. Nf4 h4 17. e6 Qc8 18. Nh5+ Kh8 19. Qh6 {[%emt 0:00:02][%csl Gh5][%cal Rh6g7] [#]} Rg8 {[%emt 0:00:19] Inhibits Qg7+.} 20. exf7 {[%emt 0:00:03] White took control after the opening.  Weighted Error Value: White=0.43/Black=0.92} 1-0

[Event "Portuguese Rapid-ch 2022"]
[Site "Viseu"]
[Date "2022.06.10"]
[Round "1.8"]
[White "Valente, Sofia"]
[Black "Ferreira, Luis Pedro"]
[Result "0-1"]
[ECO "E21"]
[WhiteElo "1427"]
[BlackElo "2183"]
[Annotator "TA"]
[PlyCount "95"]
[EventDate "2022.06.09"]
[EventType "rapid"]
[EventCountry "POR"]
[SourceTitle "playchess.com"]
[Source "ChessBase"]
[SourceQuality "1"]
[TimeControl "600+5"]

1. d4 Nf6 2. c4 e6 3. Nc3 Bb4 4. Nf3 b6 5. a3 Bxc3+ 6. bxc3 O-O 7. Qc2 Bb7 {[%emt 0:00:04] Prevents e4. E27: Nimzo-Indian: Sämisch: 5...0-0 6 f3.} 8. e3 Be4 9. Bd3 {[%emt 0:00:12] [#]} Bxd3 $146 {[%emt 0:00:01] Black has an edge.} (9... Bxf3 $5 10. gxf3 Nc6 $11) ({Predecessor:} 9... d5 10. Bxe4 Nxe4 11. O-O Nd7 12. cxd5 exd5 13. c4 c6 14. Nd2 Ndf6 15. f3 Nxd2 16. Bxd2 {0-1 (42) Mamedjarova,T (2295)-Shafigullina,Z (2140) St Petersburg 2018}) 10. Qxd3 d6 11. O-O Nbd7 12. e4 e5 13. Bg5 h6 14. Bh4 Re8 15. Rfe1 Qe7 16. dxe5 (16. Nd2 $11 {remains equal.}) 16... Nxe5 17. Nxe5 Qxe5 18. f3 Nd7 19. Rac1 (19. Bg3 $15 Qa5 20. Reb1) 19... Qc5+ 20. Bf2 Ne5 21. Qe2 (21. Qc2 $17 Qc6 22. a4) 21... Qxc4 22. Qxc4 Nxc4 23. a4 Re5 24. Re2 (24. Rb1 $17 {was necessary.}) 24... f5 $19 25. Bg3 Ra5 (25... Re6 $19 26. Rd1 Rae8) 26. exf5 $17 Rxf5 27. Re7 Rf7 28. Rce1 a5 29. Bh4 (29. R7e4 $17 Nd2 30. R4e2) 29... Ne5 $19 {[%emt 0:00:17] Strongly threatening ...Rxe7.} 30. Rxf7 Kxf7 {[%emt 0:00:02][%mdl 4096] Endgame KRB-KRN} 31. f4 Ng6 32. Bg3 Re8 33. Rxe8 Kxe8 {[%emt 0:00:01] KB-KN} 34. Kf2 Ne7 (34... b5 $19 {is more deadly.} 35. Ke2 bxa4) 35. Ke2 $17 Kf7 36. Kd3 Ke6 37. Bh4 (37. Bf2 $142) 37... Nd5 38. g3 {[%emt 0:00:27] [#]} Nf6 $1 39. h3 Nd7 40. Kc4 Nc5 41. g4 (41. Kb5 {was the only defense.}) 41... Nxa4 $19 42. g5 $2 (42. f5+ Kd7 43. Bf2) 42... hxg5 {[%emt 0:00:13] Black is clearly winning.} 43. fxg5 g6 44. Bf2 Nc5 {[%emt 0:00:14] [#] Hoping for ...c6.} 45. h4 c6 {[%emt 0:00:22] And now ...d5+ would win.} 46. Kd4 d5 {[%emt 0:00:18] Threatens to win with ...a4.} 47. Ke3 Ne4 48. Kd4 {Weighted Error Value: White=0.62/Black=0.33} 0-1

[Event "Portuguese Rapid-ch 2022"]
[Site "Viseu"]
[Date "2022.06.10"]
[Round "2.1"]
[White "Monteiro, Paulo Alexandre G"]
[Black "Ferreira, Jorge Viterbo"]
[Result "0-1"]
[ECO "D35"]
[WhiteElo "1983"]
[BlackElo "2512"]
[Annotator "TA"]
[PlyCount "58"]
[EventDate "2022.06.09"]
[EventType "rapid"]
[EventCountry "POR"]
[SourceTitle "playchess.com"]
[Source "ChessBase"]
[SourceQuality "1"]
[TimeControl "600+5"]

1. d4 d5 2. c4 e6 3. Nc3 Nf6 4. cxd5 exd5 5. Bg5 Be7 6. e3 h6 7. Bh4 c6 8. Bd3 O-O 9. Nge2 Nbd7 10. O-O Re8 $1 {10...Re8 scores better than 10...Ne4. D35: Queen's Gambit Declined: Exchange Variation.} 11. a4 Nh5 12. Bxe7 Qxe7 {The position is equal.} 13. a5 {[#]} Ndf6 $146 ({Predecessor:} 13... a6 14. Ra3 Nf8 15. Na4 Rb8 16. Qd2 Qg5 17. f3 g6 18. Bb1 Ng7 19. Nf4 Bf5 {½-½ (29) Caruana,F (2786)-Firouzja,A (2804) Bucharest 2022}) 14. Ra3 g6 15. Na4 Ng7 (15... Qc7 {seems wilder.} 16. Qd2 Ng4 17. Ng3 Nxg3 18. hxg3 h5) 16. Bb1 Bf5 17. Ba2 Rad8 18. Ng3 Bc8 19. Nc5 h5 20. h3 h4 21. Ne2 g5 22. Re1 g4 23. hxg4 (23. Nf4 $5 ) 23... Bxg4 24. f3 (24. Nd3 $11) 24... Bc8 (24... Bf5 $15) 25. Nf4 Nfh5 $36 {[%mdl 2048] Black is more active.} 26. Nxh5 (26. Ncd3 $1 $15) 26... Nxh5 $17 27. e4 $2 (27. Qc2 $17 {was worth a try.}) 27... Qg5 $19 28. Qc2 {[#]} Nf4 $2 ({Better is} 28... Rd6 $1 $19 {[%cal Rd6g6] Strongly threatening ...Rg6.} 29. Rae3 h3) 29. Rd1 $2 (29. Nd3 $1 $15) 29... Qg3 $2 {Weighted Error Value: White=0.52/Black=0.25 (precise)} ({Black should play} 29... h3 $19 30. g4 b6 31. axb6 axb6) 0-1

[Event "Portuguese Rapid-ch 2022"]
[Site "Viseu"]
[Date "2022.06.10"]
[Round "2.2"]
[White "Sousa, Andre Ventura"]
[Black "Sarabando, Rodrigo Andias"]
[Result "1-0"]
[ECO "B80"]
[WhiteElo "2420"]
[BlackElo "1932"]
[Annotator "TA"]
[PlyCount "235"]
[EventDate "2022.06.09"]
[EventType "rapid"]
[EventCountry "POR"]
[SourceTitle "playchess.com"]
[Source "ChessBase"]
[SourceQuality "1"]
[TimeControl "600+5"]

1. e4 c5 2. Nf3 e6 3. d4 cxd4 4. Nxd4 Nf6 5. Nc3 d6 6. g3 Be7 7. Bg2 O-O 8. O-O Nc6 9. Re1 Bd7 10. Ndb5 {B80: Sicilian Scheveningen: 6 g3 and 6 Be3, including English Attack.} Qb8 11. Bf4 Ne5 12. a4 {The position is equal.} a6 13. Nd4 {[#]} Nc4 $146 ({Predecessor:} 13... Rc8 14. Bxe5 dxe5 15. Nb3 Bb4 16. Re3 Bxc3 17. bxc3 Rc4 18. a5 Qc7 19. Qd2 Rc8 {0-1 (69) Roberson,P (2420)-Heimann,M (2367) Chess.com INT 2019}) 14. Bc1 (14. b3 $5 Ne5 15. Bd2 $11) 14... Qc7 15. b3 Ne5 16. Bb2 Rfd8 17. h3 Nc6 18. g4 Nxd4 19. Qxd4 h6 20. a5 Rac8 21. Re2 Bc6 22. Qd3 Nd7 23. Qg3 Bf6 24. Rd2 Ne5 25. Nd1 Qe7 26. c4 Rd7 27. Ne3 Rcd8 (27... Bh4 $15 28. Qh2 Ng6) 28. Rad1 Bh4 29. Qh2 Bf6 30. Ba3 Bh4 (30... Ng6 $11) 31. Nd5 $2 exd5 $17 32. exd5 {[#]} Ba4 33. bxa4 Nxc4 34. Rd3 Nxa3 ({Not} 34... Nxa5 35. Re3 Qf8 36. Rc3 $15) 35. Rxa3 Rc7 (35... Qe2 $142 36. Bf3 Qc2) 36. Re3 $2 {[%mdl 8192] [#]} (36. Qf4 $17) 36... Qf6 $2 (36... Bxf2+ $1 $19 37. Kxf2 Rc2+ 38. Kf3 Qf6+ 39. Qf4 Rf2+ $3 40. Kxf2 Qxf4+ 41. Bf3 f5) 37. Be4 (37. Rf3 $17 Qb2 38. Qf4) 37... Rc3 ({Better is} 37... Rc4 $19 38. f3 Rxa4) 38. Rde1 $2 (38. Rxc3 $17 Qxc3 39. Qf4) 38... Rxe3 $19 39. Rxe3 Rc8 $1 {( -> ...Rc1+)} 40. Re1 {Inhibits Rc1.} Bg5 (40... g6 $19 {has better winning chances. And now ...Rc4 would win.} 41. Rf1 Rc4) 41. Bf5 $17 Rd8 42. Qg3 Bh4 (42... g6 $142 43. Be4 Qd4) 43. Qe3 g6 44. Bb1 Bg5 45. Qb3 Bh4 (45... Rd7 $17) 46. Re2 {Active counter play!} (46. Qe3 $1 $11) 46... Rd7 47. Qc4 Kg7 48. Kg2 Bg5 49. Qc8 Rd8 (49... Re7 $17 50. Rxe7 Qxe7) 50. Qxb7 $14 Qd4 51. Qxa6 Qxd5+ (51... Rb8 $14 52. Be4 (52. Qxd6 Rxb1 53. Re8 Qb4 $19) 52... Re8) 52. Be4 $16 Qc5 (52... Qd1 $16 {is a better defense.} 53. Bf3 Qxa4) 53. Qb6 Rc8 54. Rc2 ({White must play} 54. Qb5 $1 $18) 54... Qxb6 (54... Qe5 $16 {keeps fighting.} 55. Rxc8 Qxe4+ 56. f3 Qxa4) 55. axb6 $18 Rxc2 56. Bxc2 $16 {[%mdl 4096] Endgame KB-KB} Bd8 57. a5 Kf6 58. Kf3 Ke5 59. Bb3 d5 60. Ke3 Kd6 61. Kd4 Bf6+ 62. Kd3 Bd8 63. Bd1 g5 64. Bf3 {Threatens to win with b7.} Kc5 65. b7 Bc7 66. a6 {a7 would kill now.} Bb8 67. Kc3 f6 68. Bg2 Ba7 69. Kb3 Bb8 70. Ka4 Ba7 $2 {[#]} (70... Kb6 $16 {was worth a try.} 71. Bf1 (71. Bxd5 Kxa6 72. Be4 Kb6 $16) 71... Bc7) 71. Kb3 (71. Bxd5 $1 $18 {[%mdl 512] Bf7 is the strong threat.} Bb8 (71... Kb6 72. Bc4) 72. Be4) 71... Bb8 $1 72. Kc3 Ba7 $1 73. Kb3 Bb8 $1 74. Ka4 $2 (74. Bf1 $16) 74... Ba7 $1 $18 75. Ka5 Bb6+ $1 76. Ka4 Ba7 {[#]} 77. Bf1 (77. Bxd5 $1 $18 {[%mdl 512] Strongly threatening Bf7.} Bb8 (77... Kb6 78. Bc4) 78. Be4) 77... Bb8 78. Bd3 Ba7 79. Bf5 Kb6 80. Be6 Kxa6 81. Bxd5 Kb6 82. Kb4 Bb8 83. Kc4 Be5 $2 (83... Ba7 $16 84. Kd3 Bb8) 84. Bg2 $2 (84. Kd3 $1 $18 {and the rest is easy. Hoping for Ke4.} Bc7 85. Kc4) 84... Kc7 $16 85. Kc5 Bf4 ({Black should play} 85... Bh2) 86. Bd5 {Black must now prevent Kd4.} Be5 87. Be4 Bf4 88. Kd4 Bh2 $2 {[%mdl 8192] [#]} (88... Be5+ $16 89. Kc5 Bb2) 89. Bd5 $1 $18 Kd7 {[#]} 90. Ke4 $1 Bf4 91. Kf5 Ke7 92. Kg6 Be5 93. Kxh6 {White threatens Kg6 and mate.} Bf4 94. Kg6 Be5 95. Kf5 Bd6 96. Kg6 $2 (96. f4 {mates} Kd7 97. fxg5 fxg5 98. Kxg5 Bg3 99. Kf5 Kc7 100. g5 Bd6 101. g6) 96... Bf4 $2 (96... Be5 $11 97. Kf5 Bc7) 97. Be4 (97. f3 $142 Bb8 98. Kf5) 97... Be5 98. Bd5 (98. Kf5 $142 Bc7 99. f4 gxf4 100. h4) 98... Bf4 $1 99. Kh5 $2 (99. f3 $18 {aiming for Kf5.} Bb8 100. Kf5) 99... Be5 $2 (99... Kf8 $16 100. Kg6 Ke7) 100. h4 gxh4 101. Kxh4 {Intending Kh5 and mate.} Bf4 102. Kh5 {White mates.} Bc7 103. Kg6 Bf4 104. Kf5 Bc7 105. f4 Bd6 106. g5 fxg5 107. fxg5 Kf8 108. g6 Kg7 109. Ke6 Bb8 110. Be4 Bf4 111. Kd7 Kf6 112. Kc8 Bd6 113. b8=Q Bxb8 114. Kxb8 Kg7 115. Kc7 Kf6 116. Kd6 Kg7 117. Ke5 Kg8 118. Kf6 {What a bad dream for Black.  Weighted Error Value: White=0.46/Black=0.46} 1-0

[Event "Portuguese Rapid-ch 2022"]
[Site "Viseu"]
[Date "2022.06.10"]
[Round "2.3"]
[White "Guia, Artur Solovyov Eloy"]
[Black "Veiga, Jose Francisco R P N"]
[Result "1/2-1/2"]
[ECO "A45"]
[WhiteElo "1916"]
[BlackElo "2377"]
[Annotator "TA"]
[PlyCount "141"]
[EventDate "2022.06.09"]
[EventType "rapid"]
[EventCountry "POR"]
[SourceTitle "playchess.com"]
[Source "ChessBase"]
[SourceQuality "1"]
[TimeControl "600+5"]

1. d4 Nf6 2. Bg5 d5 3. e3 e6 4. Nf3 c5 5. dxc5 Bxc5 6. c4 {[%emt 0:00:13] D03: 1 d4 d5 2 Nf3 Nf6 3 Bg5, including Torre Attack with early ...d5.} O-O 7. Nc3 dxc4 8. Bxc4 Nc6 (8... Qxd1+ $11 9. Rxd1 Nbd7) 9. O-O a6 {[%emt 0:00:02] [#]} 10. Qxd8 $146 (10. Qc2 $14) ({Predecessor:} 10. a3 b5 11. Be2 Bb7 12. Rc1 Be7 13. Qc2 Rc8 14. Rfd1 Qb6 15. Qb1 {1-0 (36) Przybylski,W (2321)-Tereladze,S (2141) Chess.com INT 2021}) 10... Rxd8 $11 11. Rfd1 Bd7 12. Rac1 Be7 13. Nd4 Ne5 14. Be2 h6 15. Bf4 Ng6 16. Bg3 e5 (16... Bb4 $11) 17. Nf3 $14 e4 18. Ne5 Nxe5 19. Bxe5 Bc6 20. Bc7 Rxd1+ 21. Rxd1 Rc8 22. Bb6 Nd7 23. Bd4 Nc5 24. Bxc5 Bxc5 25. Bg4 Rc7 (25... Re8 $11) 26. Bf5 $1 Bf8 27. h3 {[%emt 0:01:35] White is more active.} ({But not} 27. Nxe4 $2 g6 28. Bxg6 (28. Nf6+ $2 Kg7 $19) 28... fxg6 $19) ({Reject} 27. Bxe4 Bxe4 28. Nxe4 Rc2 $11) 27... g6 28. Bxe4 Bxe4 29. Nxe4 {[%emt 0:00:01][%mdl 4096] Endgame KRB-KRN} Bg7 {[%emt 0:00:06] Inhibits Nf6+.} 30. b3 f5 31. Nd2 (31. Ng3 $16) 31... Rc2 $1 $11 32. a3 Ra2 33. a4 Rb2 34. Kf1 {[%emt 0:00:04] The position is equal.} Bc3 35. Ke2 Bxd2 36. Rxd2 Rxb3 {[%emt 0:00:02] KR-KR} 37. Rd4 Rb2+ 38. Kf3 Kg7 39. e4 fxe4+ 40. Rxe4 a5 41. Re5 b6 42. Re4 Rb3+ 43. Ke2 Kf6 44. Kd2 Ra3 45. Rc4 Ra2+ 46. Ke3 Rb2 47. g3 h5 48. h4 Kf5 49. Rf4+ Ke5 50. Rc4 Rb3+ 51. Kd2 Kd5 52. Rf4 Ke5 53. Rc4 Rf3 54. Ke2 Rf6 55. Ke3 Kd5 56. Rd4+ Kc5 {[%emt 0:00:01][%cal Of6f2] Hoping for ...Rxf2!} 57. Re4 b5 58. Re5+ Kb4 59. Rxb5+ Kxa4 60. Rb8 Ka3 61. f3 a4 62. g4 Ka2 63. gxh5 gxh5 64. f4 a3 65. Ke4 Rg6 66. f5 Rg4+ 67. Ke5 {[%emt 0:00:01] [#] Intending f6 and mate.} Rxh4 68. f6 {[%emt 0:00:00] White threatens f7 and mate.} Rh2 69. f7 Rf2 70. f8=Q Rxf8 71. Rxf8 {[%emt 0:00:02] Weighted Error Value: White=0.09 (flawless) /Black=0.09 (flawless)} 1/2-1/2